 Dungeon Crawl Stone Soup version 0.28-a0-245-g639a1a48b9 (webtiles) character file.

Game seed: 8645841166910440494

183646 theanonym the Warrior (level 19, -2/156 HPs)
             Began as a Djinni Fire Elementalist on Aug 23, 2021.
             Was the Champion of Makhleb.
             Slain by a demonic crawler (8 damage)
             ... on level 4 of the Lair of Beasts on Aug 24, 2021.
             The game lasted 01:44:51 (53667 turns).

theanonym the Warrior (Djinni Fire Elementalist)   Turns: 53667, Time: 01:44:52

Health: -2/156     AC: 13    Str: 10    XL:     19   Next: 7%
Gold:   290        EV: 11    Int: 41    God:    Makhleb [******] SH: 18 Dex: 11

rFire   + + +      SeeInvis .   a - +5 morningstar of Recklessness {vorpal, rC+ Int+4 Dex-3}
rCold   + + .      Faith    .   k - +2 shield of Resistance {rF++ rC++ Will++}
rNeg    . . .      Spirit   .   H - +3 robe of Clouds {*Thunder rCloud rElec}
rPois   ∞          Reflect  +   i - +2 helmet
rElec   +          Harm     .   p - +1 cloak
rCorr   .          Rampage  .   x - +2 pair of gloves {Str+3}
Will    +++..                   (boots unavailable)
Stlth   ++........              d - amulet of reflection
HPRegen 0.36/turn               O - +6 ring of intelligence
MPRegen 0.00/turn               S - +6 ring of intelligence

@: flying
A: sickness immunity, fire resistance 2, cold vulnerability 1, float, innate
caster, hp casting, extra vitality 1
a: Renounce Religion, Minor Destruction, Lesser Servant of Makhleb, Major
Destruction, Greater Servant of Makhleb


Innate Abilities, Weirdness & Mutations

You are immune to sickness and miasma.
You are immune to poison.
Your flesh is very heat resistant. (rF++)
You are vulnerable to cold. (rC-)
You float through the air rather than walking.
You learn spells naturally, not from books.
Your magical power is your life essence.
You have superior vitality. (+4 HP)


   Skills:
 - Level 20.0 Fighting
 - Level 2.1 Dodging
 - Level 1.5 Stealth
 * Level 10.9 Shields
 + Level 16.8 Spellcasting


You couldn't memorise any spells.
You knew the following spells:

 Your Spells              Type           Power      Damage    Failure   Level
a - Foxfire               Conj/Fire      100%       2x1d9     0%          1
b - Conjure Flame         Conj/Fire      100%       6-21      0%          3
c - Inner Flame           Hex/Fire       100%       N/A       0%          3
d - Sticky Flame          Conj/Fire      100%       2d11      0%          4
e - Pain                  Necr           100%       1d9       0%          1
f - Fireball              Conj/Fire      53%        3d21      1%          5
g - Static Discharge      Conj/Air       100%       N/A       0%          2
h - Vampiric Draining     Necr           53%        2d13      0%          3
i - Gell's Gravitas       Tloc           53%        N/A       0%          3
j - Ice Form              Ice/Tmut       100%       N/A       0%          4
k - Manifold Assault      Tloc           100%       N/A       1%          5
l - Conjure Ball Lightni  Conj/Air       53%        3x3d18    1%          6
m - Storm Form            Tmut/Air       53%        N/A       1%          7
n - Spellforged Servitor  Conj/Summ      53%        N/A       1%          7
Your spell library was empty.

Skill      XL: |  1  2  3  4  5  6  7  8  9 10 11 12 13 14 15 16 17 18 |
---------------+-------------------------------------------------------+-----
Spellcasting   | 3 4 5 6 7 8 10 11 12 13 14 15 16 | 16.8
Fighting       | 1 2 3 4 5 6 8 10 12 13 15 16 17 18 19 20 | 20.0
Shields        | 4 5 10 | 10.9
Dodging        | |  2.1
Stealth        | |  1.5

Action                   |  1- 3 |  4- 6 |  7- 9 | 10-12 | 13-15 | 16-18 | 19-21 || total
-------------------------+-------+-------+-------+-------+-------+-------+-------++-------
Melee: Unarmed           |     8 |       |       |       |       |       |       ||     8
       Short sword       |    15 |     8 |       |       |     5 |       |       ||    28
       Dagger            |       |     5 |    15 |       |       |       |       ||    20
       Staff             |       |       |     1 |    38 |    26 |    11 |       ||    76
       War axe           |       |       |       |     7 |    27 |       |       ||    34
       Morningstar       |       |       |       |       |       |     6 |     1 ||     7
 Cast: Foxfire           |   121 |   118 |   167 |    14 |    25 |     1 |       ||   446
       Sticky Flame      |       |     4 |    15 |    27 |    26 |    18 |       ||    90
       Conjure Flame     |       |       |     5 |     2 |     4 |     1 |       ||    12
       Pain              |       |       |     1 |       |       |       |       ||     1
       Fireball          |       |       |    18 |   171 |   262 |   284 |     1 ||   736
       Gell's Gravitas   |       |       |       |     3 |     1 |       |       ||     4
       Vampiric Draining |       |       |       |     3 |       |       |       ||     3
       Static Discharge  |       |       |       |       |     4 |       |       ||     4
       Conjure Ball Ligh |       |       |       |       |    45 |   162 |     4 ||   211
       Inner Flame       |       |       |       |       |     2 |       |       ||     2
       Storm Form        |       |       |       |       |       |     1 |       ||     1
       Spellforged Servi |       |       |       |       |       |       |     5 ||     5
Evoke: Wand              |       |     1 |     3 |       |     3 |       |       ||     7
  Use: Scroll            |       |     4 |    10 |     5 |    11 |    18 |     1 ||    49
       Potion            |       |       |       |       |     1 |    11 |     1 ||    13
 Stab: Sleeping          |     2 |       |       |       |       |       |       ||     2
Armor: Robe              |    17 |     9 |    11 |    32 |    55 |    47 |    13 ||   184
Dodge: Dodged            |    36 |    19 |    35 |    48 |    77 |    68 |    12 ||   295
Block: Buckler           |       |       |     9 |    26 |    81 |    19 |       ||   135
       Reflection        |       |       |       |     4 |    11 |    21 |       ||    36
       Kite shield       |       |       |       |       |       |    62 |    29 ||    91

Inventory:

Hand Weapons
 a - the +5 morningstar of Recklessness (weapon) {vorpal, rC+ Int+4 Dex-3}

   It inflicts extra damage upon your enemies.
   Int:       It affects your intelligence (+4).
   Dex:       It affects your dexterity (-3).
   rC:        It protects you from cold.
 y - the +6 arbalest "Woroideo" {flame, rElec rC+ Will+} Any ammunition fired from it burns those it strikes, dealing additional fire damage. rC: It protects you from cold. rElec: It insulates you from electricity. Will: It increases your willpower.
Missiles
 g - 8 throwing nets
Armour
 i - a +2 helmet (worn)
 k - the +2 shield of Resistance (worn) {rF++ rC++ Will++} rF: It greatly protects you from fire. rC: It greatly protects you from cold. Will: It greatly increases your willpower.
 p - a +1 cloak (worn)
 u - a +0 robe of resistance
 x - a +2 pair of gloves of strength (worn)
 H - the +3 robe of Clouds (worn) {*Thunder rCloud rElec}

   It occasionally creates storm clouds above nearby enemies.
   It grants its wearer immunity to clouds.
   rElec:     It insulates you from electricity.
 P - a +1 troll leather armour
Magical Staves
 s - a staff of air
 K - a staff of conjuration
 V - a staff of earth
Jewellery
 d - an amulet of reflection (around neck)
 j - a ring of wizardry
 z - a ring of positive energy
 J - a ring of protection from cold
 O - a +6 ring of intelligence (left hand)
 Q - a ring of willpower
 S - a +6 ring of intelligence (right hand)
 T - a ring of protection from fire
Wands
 c - a wand of paralysis (14)
 v - a wand of acid (13)
 A - a wand of flame (131)
 E - a wand of mindburst (4)
 G - a wand of polymorph (21)
 I - a wand of iceblast (34)
Scrolls
 r - 4 scrolls of identify
 t - 6 scrolls of teleportation
 C - a scroll of immolation
 U - 2 scrolls of enchant armour
Potions
 e - 2 potions of degeneration
 f - a potion of ambrosia
 h - 3 potions of haste
 l - 6 potions of flight
 m - 3 potions of might
 n - 8 potions of lignification
 o - 4 potions of resistance
 q - 2 potions of heal wounds
 w - 10 potions of curing
 F - a potion of mutation
 L - a potion of invisibility
 M - 2 potions of brilliance
 N - a potion of cancellation
Miscellaneous
 D - a piece from Xom's chessboard (15/15)


You were on level 4 of the Lair of Beasts.
You worshipped Makhleb.
Makhleb was exalted by your worship.
You visited 6 branches of the dungeon, and saw 28 of its levels.
You visited 1 bazaar.
You also visited: Ice Cave and Volcano.

You collected 3581 gold pieces.
You spent 3291 gold pieces at shops.

Dungeon Overview and Level Annotations

Branches:
Dungeon (15/15)            Temple (1/1) D:7            Lair (6/6) D:10
 Shoals (3/4) Lair:3       Spider (1/4) Lair:4        Slime (0/5) Lair:6
    Orc (2/2) D:9             Elf (0/3) Orc:2        Vaults (0/5) D:13
 Depths (0/5) D:15          IceCv (visited)         Volcano (visited)

Altars:
Ashenzari
Cheibriados
Dithmenos
Elyvilon
Fedhas
Gozag
Hepliaklqana
Kikubaaqudgha
Makhleb
Nemelex Xobeh
Okawaru
Qazlal
Ru
Sif Muna
Trog
Uskayaw
Vehumet
Wu Jian
Xom
Yredelemnul
Zin
The Shining One
Jiyva

Shops:
D:3 [   D:11 :==(   Orc:2 [=[=(   Shoals:2 ?   Shoals:3 !

Annotations:
Shoals:2 Roxanne

.................#######...P.....
.......##'#........####..#.....#.
.......##.........##......<...###
.......#...+.....+........#P..###
....†.#....#.....###.###..#...'..
....(.....#.......######..#P)....
....[..#..#.......#####...P....##
.........###...................#.
....^....#....9s@.............###
...........§.§...................
######P.###.#.#..##(##.#.#...#...
#### ##.##############.##### ###
###


You could see a demonic crawler (ally target) and a friendly spellforged
servitor (summoned).

Notes
Turn   | Place    | Note
-------+----------+-------------------------------------------
     0 | D:1      | theanonym the Djinni Fire Elementalist began the quest for
                  | the Orb.
     0 | D:1      | Reached XP level 1. HP: 15/15 MP: 0/0
   257 | D:1      | HP: 7/15 [giant cockroach (1)]
   272 | D:1      | HP: 3/15 [giant cockroach (1)]
   519 | D:1      | Reached XP level 2. HP: 19/21 MP: 0/0
   754 | D:1      | Reached skill level 3 in Spellcasting
  1190 | D:1      | HP: 9/21 [quokka (3)]
  1193 | D:1      | Reached XP level 3. HP: 11/25 MP: 0/0
  1193 | D:1      | Learned a level 1 spell: Pain
  2097 | D:2      | HP: 11/26 [jackal (2)]
  2306 | D:2      | Reached skill level 1 in Fighting
  2836 | D:2      | Reached XP level 4. HP: 26/32 MP: 0/0
  3730 | D:3      | Found Tuon's Antique Armour Emporium.
  4007 | D:3      | Found a faded altar of an unknown god.
  4629 | D:3      | Reached skill level 2 in Fighting
  4668 | D:3      | Found a basalt altar of Yredelemnul.
  4821 | D:3      | theanonym: !lg * race=dj win s=god
  4821 | D:3      | beem: 931 games for * (race=dj win): 304x Makhleb, 196x
                  | Ashenzari, 68x Gozag, 39x Trog, 35x The Shining One, 29x
                  | Elyvilon, 27x Cheibriados, 22x Hepliaklqana, 21x Nemelex
                  | Xobeh, 21x Okawaru, 18x Fedhas, 18x Yredelemnul, 17x
                  | Dithmenos, 17x Ru, 16x Zin, 16x Lugonu, 14x Vehumet, 13x
                  | Xom, 12x Qazlal, 8x Jiyva, 7x Uskayaw, 6x Wu Jian, 3x Sif
                  | Muna, 2x, 2x Kikubaaqudgha
  4844 | D:3      | Reached XP level 5. HP: 31/39 MP: 0/0
  4844 | D:3      | Learned a level 2 spell: Static Discharge
  4941 | D:4      | HP: 16/39 [scorpion (6)]
  4943 | D:4      | Reached skill level 4 in Spellcasting
  5166 | D:4      | Reached skill level 3 in Fighting
  5166 | D:4      | Reached XP level 6. HP: 40/46 MP: 0/0
  5374 | D:4      | Noticed a necrophage
  5556 | D:4      | Killed a necrophage
  5557 | D:4      | Reached skill level 4 in Fighting
  5557 | D:4      | Reached XP level 7. HP: 46/52 MP: 0/0
  5557 | D:4      | Learned a level 3 spell: Vampiric Draining
  5944 | D:5      | Entered Level 5 of the Dungeon
  5952 | D:5      | HP: 21/53 [ogre (9)]
  5954 | D:5      | Reached skill level 5 in Spellcasting
  6527 | D:5      | Reached skill level 5 in Fighting
  6690 | D:5      | Reached XP level 8. HP: 36/60 MP: 0/0
  7122 | D:5      | HP: 17/61 [gnoll sergeant (8)]
  7124 | D:5      | HP: 5/61 [gnoll sergeant (11)]
  7446 | D:5      | HP: 28/61 [gnoll sergeant (7)]
  7706 | D:5      | Reached skill level 1 in Shields
  7843 | D:5      | HP: 29/61 [gnoll sergeant (7)]
  8282 | D:6      | Reached skill level 6 in Fighting
  8282 | D:6      | Reached skill level 2 in Shields
  8449 | D:6      | Reached skill level 3 in Shields
  8948 | D:6      | Noticed a hornet
  8961 | D:6      | HP: 29/62 [hornet (5)]
  8962 | D:6      | HP: 13/62 [hornet (15)]
  8962 | D:6      | HP: 1/62 [hornet (12)]
  9308 | D:6      | Killed a hornet
  9309 | D:6      | Reached skill level 4 in Shields
  9309 | D:6      | Reached skill level 6 in Spellcasting
  9309 | D:6      | Reached XP level 9. HP: 46/67 MP: 0/0
  9309 | D:6      | Learned a level 3 spell: Gell's Gravitas
  9760 | D:6      | Reached skill level 7 in Fighting
 10075 | D:6      | HP: 32/68 [acid (11)]
 10402 | D:7      | Identified a scroll of acquirement
 10402 | D:7      | Acquired a staff of fire
 10688 | D:7      | HP: 11/70 [orc priest/divine providence (16)]
 11076 | D:7      | Reached skill level 8 in Fighting
 11358 | D:7      | HP: 29/70 [white imp/puff of frost (21)]
 11359 | D:7      | Reached skill level 7 in Spellcasting
 11633 | D:7      | Reached XP level 10. HP: 39/77 MP: 0/0
 11981 | D:7      | Found a staircase to the Ecumenical Temple.
 11990 | Temple   | Entered the Ecumenical Temple
 12153 | Temple   | Became a worshipper of Makhleb the Destroyer
 12585 | D:7      | Reached skill level 9 in Fighting
 13386 | D:8      | Noticed a centaur warrior
 13389 | D:8      | HP: 26/78 [centaur warrior/arrow (14)]
 13390 | D:8      | Killed a centaur warrior
 13391 | D:8      | Reached skill level 8 in Spellcasting
 13914 | D:8      | Noticed Harold
 13924 | D:8      | Killed Harold
 13925 | D:8      | Reached skill level 10 in Fighting
 14896 | D:9      | Reached XP level 11. HP: 76/86 MP: 0/0
 14896 | D:9      | Learned a level 4 spell: Ice Form
 14965 | D:9      | Noticed a centaur warrior
 14995 | D:9      | Noticed a skeletal warrior
 15035 | D:9      | Noticed an orc sorcerer
 15039 | D:9      | Killed an orc sorcerer
 15416 | D:9      | Reached skill level 9 in Spellcasting
 15877 | D:9      | Reached skill level 11 in Fighting
 16149 | D:9      | Reached * piety under Makhleb
 16653 | D:9      | Found a staircase to the Orcish Mines.
 16980 | D:10     | Entered Level 10 of the Dungeon
 17098 | D:10     | Noticed Erica
 17105 | D:9      | Killed Erica
 17662 | D:10     | Found a staircase to the Lair.
 18477 | D:11     | Found Plog's Jewellery Shop.
 18521 | D:11     | Reached skill level 12 in Fighting
 18521 | D:11     | Reached skill level 10 in Spellcasting
 18870 | D:11     | Found Wigodysu's Book Shoppe.
 18875 | D:11     | Reached XP level 12. HP: 87/95 MP: 0/0
 18882 | D:11     | Reached ** piety under Makhleb
 19021 | D:11     | Found Zaexzed's Firing Range.
 19126 | D:11     | Found Ijaep's Jewellery Shoppe.
 19135 | D:11     | Bought an amulet of reflection for 360 gold pieces
 19140 | D:11     | Bought a ring of protection from cold for 300 gold pieces
 19358 | D:12     | Noticed a two-headed ogre
 19363 | D:12     | Killed a two-headed ogre
 19379 | D:12     | HP: 44/96 [centaur/arrow (14)]
 20059 | D:12     | Noticed a skeletal warrior
 20062 | D:12     | Killed a skeletal warrior
 20177 | D:12     | Noticed a two-headed ogre
 20202 | D:12     | Killed a two-headed ogre
 20203 | D:12     | Reached skill level 13 in Fighting
 20423 | D:12     | Noticed a two-headed ogre
 20433 | D:12     | Killed a two-headed ogre
 20521 | D:12     | Reached skill level 11 in Spellcasting
 20664 | D:12     | Noticed a four-headed hydra
 20665 | D:12     | Noticed a seven-headed hydra
 20674 | D:12     | Killed a four-headed hydra
 20677 | D:12     | Killed a seven-headed hydra
 20678 | D:12     | Reached XP level 13. HP: 52/104 MP: 0/0
 20678 | D:12     | Learned a level 5 spell: Manifold Assault
 20887 | D:12     | Reached *** piety under Makhleb
 20947 | D:12     | Noticed a five-headed hydra
 20948 | D:12     | Found the +3 robe of Clouds {*Thunder rCloud rElec}
 20949 | D:12     | Noticed a yaktaur captain
 20996 | D:12     | HP: 30/104 [yaktaur captain/bolt (41)]
 20999 | D:12     | Killed a yaktaur captain
 21348 | D:12     | Killed a five-headed hydra
 21349 | D:12     | Reached skill level 14 in Fighting
 21362 | D:12     | Noticed a five-headed hydra
 21399 | D:12     | Killed a five-headed hydra
 21672 | D:12     | theanonym: ??robe of clouds
 21672 | D:12     | beem: robe of clouds[1/1]: A +3 robe with +Fly and rElec.
                  | It trails thin mist behind you as you walk. This can turn
                  | floor into shallow water and then shallow water into deep
                  | water. In 0.23, still +3 with rElec, but loses +Fly and
                  | thin mist trail to gain {rCloud} and an evocable ability to
                  | fill every square within radius 2 with {storm cloud}s.
                  | Costs 5mp and has same difficulty as evokable invis.
 23064 | D:12     | theanonym: ??thunder
 23064 | D:12     | beem: I don't have a page labeled thunder in my learndb.
 23064 | D:12     | theanonym: ??*thunder
 23064 | D:12     | beem: I don't have a page labeled *thunder in my learndb.
 23123 | Lair:1   | Entered Level 1 of the Lair of Beasts
 23457 | Lair:1   | HP: 49/106 [water moccasin (1)]
 23690 | Lair:1   | Reached skill level 12 in Spellcasting
 24279 | Lair:2   | Noticed Gastronok
 24473 | Lair:2   | Noticed a seven-headed hydra
 24478 | Lair:2   | Killed a seven-headed hydra
 25025 | Lair:2   | Killed Gastronok
 25117 | Lair:2   | Reached skill level 15 in Fighting
 25228 | Lair:2   | sn0wgr3: i kn0w your name dawg
 25821 | Lair:3   | Found a staircase to the Shoals.
 25929 | Lair:3   | Reached XP level 14. HP: 95/114 MP: 0/0
 25944 | Lair:3   | HP: 55/114 [rime drake/flash freeze (24)]
 26214 | Lair:3   | Reached **** piety under Makhleb
 26924 | Lair:3   | Noticed Sonja
 26933 | Lair:3   | Killed Sonja
 27542 | Lair:4   | Reached skill level 13 in Spellcasting
 27654 | Lair:4   | Reached skill level 16 in Fighting
 27869 | Lair:4   | Found a dark tunnel.
 27911 | Volcano  | Entered a volcano
 27933 | Volcano  | Noticed a stone giant
 27944 | Volcano  | Killed a stone giant
 28443 | Lair:4   | Found a hole to the Spider Nest.
 28446 | Lair:4   | Reached ***** piety under Makhleb
 29271 | Lair:5   | Identified the -3 pair of gloves of Negligence {Dex+2}
 29722 | Lair:5   | Noticed Nessos
 29735 | Lair:5   | Killed Nessos
 30275 | Lair:6   | Entered Level 6 of the Lair of Beasts
 30334 | Lair:5   | Reached XP level 15. HP: 72/122 MP: 0/0
 30334 | Lair:5   | Learned a level 6 spell: Conjure Ball Lightning
 30892 | Lair:5   | HP: 61/122 [spore (6)]
 31471 | Lair:6   | HP: 56/123 [spore (9)]
 31472 | Lair:6   | Reached skill level 17 in Fighting
 31769 | Lair:6   | Reached skill level 14 in Spellcasting
 31776 | Lair:6   | HP: 62/124 [spore (3)]
 32414 | Lair:6   | Found a staircase to the Slime Pits.
 32415 | Lair:6   | Found a viscous altar of Jiyva.
 33805 | Orc:1    | Entered Level 1 of the Orcish Mines
 34498 | Orc:2    | Entered Level 2 of the Orcish Mines
 34498 | Orc:2    | Noticed Saint Roka
 34699 | Orc:2    | Reached ****** piety under Makhleb
 34709 | Orc:2    | Killed Saint Roka
 34710 | Orc:2    | Reached XP level 16. HP: 88/132 MP: 0/0
 34719 | Orc:2    | HP: 56/132 [spore (14)]
 35373 | Orc:2    | Found Vefrynu's Antique Armour Shop.
 35385 | Orc:2    | Bought an ichor-stained robe for 171 gold pieces
 35385 | Orc:2    | Identified the +0 robe "Qusudaus" {rF- Str+4 Int+2 Dex+5}
                  | (You bought it in a shop on level 2 of the Orcish Mines)
 35396 | Orc:1    | Reached skill level 18 in Fighting
 35569 | Orc:1    | HP: 66/132 [spore (14)]
 35583 | Orc:2    | Found a staircase to the Elven Halls.
 36804 | Orc:2    | HP: 64/132 [spore (10)]
 38433 | Orc:2    | Reached skill level 15 in Spellcasting
 38755 | Orc:2    | Found Kifenibisi's Jewellery Emporium.
 38755 | Orc:2    | Found Tidydih's Antique Armour Emporium.
 38756 | Orc:2    | Found Tuifri's Jewellery Shoppe.
 38756 | Orc:2    | Found Kirobu's Weapon Emporium.
 38777 | Orc:2    | Bought a shiny troll leather armour for 486 gold pieces
 39199 | D:13     | Found a frozen archway.
 39344 | IceCv    | Entered an ice cave
 39985 | IceCv    | HP: 66/134 [spore (28)]
 39985 | IceCv    | HP: 24/134 [spore (24)]
 40322 | IceCv    | Noticed an azure jelly
 40325 | IceCv    | Killed an azure jelly
 40403 | IceCv    | Found a viscous altar of Jiyva.
 40873 | D:13     | HP: 66/134 [spore (11)]
 41359 | D:13     | You are sucked into a shaft and drop 1 floor!
 41668 | D:13     | Reached XP level 17. HP: 124/139 MP: 0/0
 41668 | D:13     | Learned a level 7 spell: Storm Form
 41753 | D:13     | Found a gate to the Vaults.
 41819 | D:13     | Reached skill level 19 in Fighting
 42127 | D:13     | Identified the +5 hand axe of Sloth {vorpal, rCorr}
 42430 | D:13     | HP: 47/141 [frost giant/bolt of cold (30)]
 43147 | D:13     | Noticed a tengu reaver
 43152 | D:13     | Killed a tengu reaver
 43625 | Shoals:1 | Entered Level 1 of the Shoals
 43649 | Shoals:1 | HP: 62/141 [spore (15)]
 43900 | Shoals:1 | Noticed Nikola
 44123 | Shoals:1 | Killed Nikola
 44336 | Shoals:1 | Found a flickering gateway to a bazaar.
 44345 | Bazaar   | Entered a bazaar
 44345 | Bazaar   | Found Kaujilet's Distillery.
 44370 | Bazaar   | Found Soihei Liyt's Antique Armour Shop.
 44378 | Bazaar   | Bought the +2 shield of Resistance {rF++ rC++ Will++} for
                  | 1168 gold pieces
 44378 | Bazaar   | Found the +2 shield of Resistance {rF++ rC++ Will++}
 44390 | Bazaar   | Found Yrhue's Antique Weapon Shop.
 44398 | Bazaar   | Bought a scorched morningstar for 180 gold pieces
 44398 | Bazaar   | Identified the +5 morningstar of Recklessness {vorpal, rC+
                  | Int+4 Dex-3} (You bought it in a shop in a bazaar)
 44398 | Bazaar   | Bought a masterwork arbalest for 190 gold pieces
 44398 | Bazaar   | Identified the +6 arbalest "Woroideo" {flame, rElec rC+
                  | Will+} (You bought it in a shop in a bazaar)
 44412 | Bazaar   | Bought a potion of haste for 140 gold pieces
 44412 | Bazaar   | Bought a potion of curing for 42 gold pieces
 44471 | Shoals:1 | Reached skill level 16 in Spellcasting
 44597 | Shoals:1 | HP: 63/141 [merfolk javelineer/silver javelin (14)]
 44601 | Shoals:1 | HP: 31/141 [merfolk javelineer/silver javelin (1)]
 45604 | Shoals:2 | HP: 71/142 [spore (4)]
 45606 | Shoals:2 | Reached skill level 5 in Shields
 45833 | Shoals:2 | HP: 64/143 [spore (8)]
 46227 | Shoals:2 | Noticed Ilsuiw
 46232 | Shoals:2 | Killed Ilsuiw
 46238 | Shoals:2 | Reached XP level 18. HP: 113/149 MP: 0/0
 46506 | Shoals:2 | Noticed a kraken
 46510 | Shoals:2 | Killed a kraken
 46511 | Shoals:2 | Reached skill level 6 in Shields
 46571 | Shoals:2 | HP: 66/149 [merfolk javelineer/javelin (15)]
 47502 | Shoals:2 | Identified Roxanne's Disquisition on Changing
 47502 | Shoals:2 | Noticed Roxanne
 47803 | Shoals:2 | Found Jisimum's Magic Scroll Boutique.
 47811 | Shoals:2 | Bought a scroll of enchant armour for 90 gold pieces
 47811 | Shoals:2 | Bought a scroll of fog for 24 gold pieces
 47811 | Shoals:2 | Bought a scroll of teleportation for 36 gold pieces
 47811 | Shoals:2 | Bought a scroll of identify for 24 gold pieces
 48092 | Shoals:3 | HP: 72/149 [harpy (5)]
 48092 | Shoals:3 | HP: 32/149 [harpy (4)]
 48092 | Shoals:3 | HP: 6/149 [merfolk impaler (22)]
 48092 | Shoals:3 | HP: 2/149 [harpy (4)]
 48100 | Shoals:3 | Reached skill level 20 in Fighting
 48101 | Shoals:3 | HP: 34/149 [faun/sling bullet (10)]
 48123 | Shoals:3 | HP: 42/149 [spore (14)]
 48125 | Shoals:3 | HP: 10/149 [sea snake (14)]
 48140 | Shoals:3 | HP: 38/149 [merfolk impaler (24)]
 48142 | Shoals:3 | HP: 18/149 [spore (9)]
 48143 | Shoals:3 | Reached skill level 7 in Shields
 49144 | Shoals:3 | Found Gywelowo's Distillery.
 49152 | Shoals:3 | Bought a potion of heal wounds for 80 gold pieces
 49358 | Spider:1 | Entered Level 1 of the Spider Nest
 49362 | Spider:1 | Reached skill level 8 in Shields
 49366 | Spider:1 | HP: 70/149 [spore (11)]
 49627 | Spider:1 | HP: 74/149 [demonic crawler (4)]
 49627 | Spider:1 | HP: 35/149 [tarantella (5)]
 50387 | Lair:4   | Found a hole to the Spider Nest.
 50400 | Lair:4   | Reached skill level 9 in Shields
 51785 | D:14     | theanonym: !lg * mutm -log
 51785 | D:14     | beem: 604. Poncheis, XL27 MuTm, T:118152:
                  | http://crawl.develz.org/morgues/0.9/Poncheis/morgue-Ponchei
                  | s-20121214-123040.txt
 51785 | D:14     | theanonym: !lg * muen win s=cv
 51785 | D:14     | beem: 57 games for * (muen win): 7x 0.25, 5x 0.21, 4x 0.22,
                  | 4x 0.17-a, 4x 0.10-a, 4x 0.27-a, 3x 0.20-a, 3x 0.16-a, 3x
                  | 0.24-a, 2x 0.19, 2x 0.5, 2x 0.25-a, 2x 0.24, 2x 0.26-a, 2x
                  | 0.12-a, 2x 0.18-a, 0.23, 0.23-a, 0.19-a, 0.21-a, 0.16,
                  | 0.22-a
 51785 | D:14     | theanonym: !lg * muen win s=cv -graph
 51785 | D:14     | beem: 57 games for * (muen win):
                  | https://betelgeuse.shalott.org/graphs/cd187648390209550226e
                  | 78f355f63c940f1a9f1.html
 51785 | D:14     | theanonym: !lg * muen !boring s=cv /won
 51785 | D:14     | beem: 57/4807 games for * (muen !boring): 7/197x 0.25
                  | [3.55%], 5/219x 0.21 [2.28%], 4/69x 0.22 [5.80%], 4/78x
                  | 0.27-a [5.13%], 4/133x 0.17-a [3.01%], 4/388x 0.10-a
                  | [1.03%], 3/61x 0.16-a [4.92%], 3/124x 0.24-a [2.42%],
                  | 3/367x 0.20-a [0.82%], 2/32x 0.26-a [6.25%], 2/35x 0.19
                  | [5.71%], 2/63x 0.24 [3.17%], 2/75x 0.25-a [2.67%], 2/88x
                  | 0.12-a [2.27%], 2/103x 0.5 [1.94%], 2/228x 0.18-a [0.88%],
                  | 1/121x 0.16
 51785 | D:14     | beem: [0.83%], 1/128x 0.23-a [0.78%], 1/167x 0.23 [0.60%],
                  | 1/235x 0.22-a [0.43%], 1/263x 0.19-a [0.38%], 1/310x 0.21-a
                  | [0.32%], 0/2x 0.28-a [0.00%], 0/4x 0.27 [0.00%], 0/7x 0.6-a
                  | [0.00%], 0/23x 0.12 [0.00%], 0/24x 0.7 [0.00%], 0/24x 0.14
                  | [0.00%], 0/24x 0.11 [0.00%], 0/26x 0.26 [0.00%], 0/30x
                  | 0.15-a [0.00%], 0/32x 0.13 [0.00%], 0/39x 0.6 [0.00%],
                  | 0/42x 0.9 [0.00%], 0/44x 0.15 [0.00%], 0/45x 0.4
 51785 | D:14     | beem: [0.00%], 0/49x 0.8 [0.00%], 0/55x 0.13-a [0.00%],
                  | 0/56x 0.18 [0.00%], 0/56x 0.20 [0.00%], 0/56x 0.14-a
                  | [0.00%], 0/72x 0.8-a [0.00%], 0/73x 0.10 [0.00%], 0/157x
                  | 0.11-a [0.00%], 0/180x 0.9-a [0.00%], 0/203x 0.17 [0.00%]
 51785 | D:14     | theanonym: !lg * muen !boring s=cv /won -graph
 51785 | D:14     | beem: 57/4807 games for * (muen !boring):
                  | https://betelgeuse.shalott.org/graphs/6510d7cb9c6f580d3ab27
                  | 7b81bd9c96e8aa6d8c1.html
 51785 | D:14     | theanonym: !lg * muen s=cv /won -graph
 51785 | D:14     | beem: 57/5579 games for * (muen):
                  | https://betelgeuse.shalott.org/graphs/0518a84155027222e2b8e
                  | 7eddb977f15a05ca399.html
 51785 | D:14     | Upgraded the game from 0.28-a0-239-g68911e0c57 to
                  | 0.28-a0-245-g639a1a48b9
 51924 | D:14     | Noticed Jorgrun
 51929 | D:14     | Killed Jorgrun
 52084 | D:14     | Found a shadowy altar of Dithmenos.
 52369 | D:15     | Entered Level 15 of the Dungeon
 52474 | D:15     | Reached skill level 10 in Shields
 52738 | D:15     | Found a gate leading to a gauntlet.
 53096 | D:15     | Reached XP level 19. HP: 121/156 MP: 0/0
 53096 | D:15     | Learned a level 7 spell: Spellforged Servitor
 53225 | D:15     | Found a staircase to the Depths.
 53624 | Spider:1 | HP: 73/156 [wolf spider (11)]
 53629 | Lair:4   | HP: 45/156 [spore (3)]
 53655 | Lair:4   | HP: 31/156 [spore (12)]
 53663 | Lair:4   | HP: 18/156 [demonic crawler (5)]
 53667 | Lair:4   | HP: 6/156 [demonic crawler (8)]
 53667 | Lair:4   | Slain by a demonic crawler

Vanquished Creatures
  Saint Roka (Orc:2)
  Nikola (Shoals:1)
  Jorgrun (D:14)
  Gastronok (Lair:2)
  A kraken (Shoals:2)
  A tengu reaver (D:13)
  Ilsuiw (Shoals:2)
  An azure jelly (IceCv)
  2 frost giants (D:13)
  An emperor scorpion (Spider:1)
  A stone giant (Volcano)
  A quicksilver ooze (IceCv)
  Nessos (Lair:5)
  3 entropy weavers (Lair:4)
  2 merfolk javelineers
  2 merfolk impalers
  A yaktaur captain (D:12)
  An ice dragon (D:13)
  A boulder beetle (D:14)
  14 hydras
  3 catoblepae
  6 centaur warriors
  Harold (D:8)
  2 merfolk aquamancers
  Erica (D:9)
  A satyr (Shoals:2)
  2 death knights
  3 tengu warriors
  14 death yaks
  9 two-headed ogres
  A deep troll earth mage (D:12)
  7 orc high priests
  Sonja (Lair:3)
  3 skeletal warriors
  7 sea snakes
  2 wizards
  A phantasmal warrior (D:14)
  A lindwurm (Lair:3)
  3 deep elf pyromancers
  A necromancer (D:15)
  3 orb spiders (Spider:1)
  5 orc sorcerers
  11 orc knights
  13 harpies
  12 ugly things
  3 oklob plants (Lair:2)
  A deep elf zephyrmancer (D:15)
  5 cyclopes
  6 wolf spiders
  14 manticores
  10 fauns
  3 elephants
  3 ice statues (IceCv)
  9 merfolk sirens
  A naga mage (D:15)
  4 water nymphs
  A torpor snail (Lair:6)
  6 black mambas
  15 cane toads
  3 gargoyles
  An efreet (Volcano)
  9 komodo dragons
  A yaktaur (D:12)
  4 rime drakes
  2 freezing wraiths
  A harpy zombie (D:15)
  3 demonic crawlers
  10 trolls
  25 merfolk
  2 meliai
  2 wind drakes (Shoals:2)
  2 hornets
  7 jumping spiders (Spider:1)
  5 polar bears
  9 blink frogs
  27 slime creatures
  2 snapping turtles (Shoals:2)
  8 dream sheep
  A centaur simulacrum (D:15)
  67 yaks
  5 tarantellas
  4 wyverns
  2 vampires
  23 redbacks
  8 water elementals
  7 wraiths
  2 shadows
  5 fire elementals
  3 basilisks
  3 steam dragons
  A golden eye (shapeshifter) (D:12)
  3 fire bats (Lair:4)
  5 vampire mosquitoes
  5 wargs
  2 acid dragons
  13 water moccasins
  51 orc warriors
  A hornet zombie (D:7)
  3 black bears
  4 necrophages
  9 ogres
  3 ugly thing simulacra (IceCv)
  9 wolves
  20 centaurs
  A phantom (D:6)
  A kobold brigand (D:9)
  10 bullfrogs
  2 gnoll sergeants (D:5)
  A wyvern zombie (D:7)
  8 scorpions
  4 killer bees
  7 wights
  2 electric eels (D:6)
  4 howler monkeys
  2 lava snakes (D:12)
  A human zombie (D:7)
  8 centaur zombies
  3 hounds
  27 orc priests
  2 centaur skeletons
  A gnoll shaman (D:9)
  4 iguanas
  24 orc wizards
  A killer bee zombie (D:7)
  13 gnolls
  A howler monkey zombie (D:7)
  3 adders
  A shadow imp (D:7)
  A white imp (D:7)
  2 ufetubi
  2 adder zombies
  2 worms (Lair:4)
  3 dart slugs
  96 orcs
  8 ball pythons
  3 endoplasms
  8 giant cockroaches
  5 goblins
  5 hobgoblins
  11 jackals
  11 kobolds
  4 quokkas
  3 training dummies (D:11)
  8 bats
  4 frilled lizards
  A giant cockroach zombie (D:3)
  9 rats
  A ball lightning (Shoals:3)
  3 tentacles (Shoals:2)
935 creatures vanquished.

Vanquished Creatures (collateral kills)
  18 ball lightnings
  6 foxfires
24 creatures vanquished.

Vanquished Creatures (others)
  2 entropy weaver simulacra (IceCv)
  A demonic crawler simulacrum (IceCv)
  3 ugly thing simulacra (IceCv)
  A glowing shapeshifter simulacrum (IceCv)
  409 ball lightnings
  654 foxfires
  31 fungi
  121 plants
  A tentacle (Shoals:2)
1223 creatures vanquished.

Grand Total: 2182 creatures vanquished

Table legend: (Time is in decaauts)
 A = Elapsed time spent in this place.
 B = Non-inter-level travel time spent in this place.
 C = Inter-level travel time spent in this place.
 D = Time resting spent in this place.
 E = Time spent auto-exploring this place.
 F = Levels seen in this place.
 G = Mean time per level.
                   A        B        C        D        E       F      G
               +--------+--------+--------+--------+--------+-----+--------+
         Total |  53687 |  49449 |   4238 |  21883 |  22543 |  31 | 1731.8 |
       Dungeon |  29190 |  26495 |   2695 |  10121 |  13900 |  15 | 1946.0 |
        Temple |    173 |    146 |     27 |      0 |    144 |   1 |  173.0 |
          Lair |  12561 |  11412 |   1149 |   5846 |   4627 |   6 | 2093.5 |
        Shoals |   4938 |   4714 |    224 |   2256 |   1928 |   3 | 1646.0 |
   Spider Nest |     18 |     18 |      0 |      0 |      0 |   1 |   18.0 |
  Orcish Mines |   5123 |   4982 |    141 |   2771 |   1570 |   2 | 2561.5 |
        Bazaar |     79 |     79 |      0 |      0 |     50 |   1 |   79.0 |
      Ice Cave |   1180 |   1180 |      0 |    710 |    208 |   1 | 1180.0 |
       Volcano |    421 |    421 |      0 |    178 |    116 |   1 |  421.0 |
               +--------+--------+--------+--------+--------+-----+--------+

Top non-repeatable levels by time:
    D:12: 3717 daAuts
    D:13: 3673 daAuts
     D:5: 2877 daAuts
   Orc:2: 2777 daAuts
  Lair:5: 2747 daAuts
  Lair:4: 2681 daAuts
     D:9: 2497 daAuts
     D:7: 2482 daAuts
Shoals:1: 2386 daAuts
  Lair:3: 2363 daAuts
   Orc:1: 2346 daAuts
     D:2: 2036 daAuts
     D:1: 1694 daAuts
  Lair:6: 1632 daAuts
     D:8: 1611 daAuts
